[Event "fics rated crazyhouse match"]
[Site "fics, Oklahoma City, OK USA"]
[Date "2000.09.18"]
[White "Krastapov"]
[WhiteElo "2174"]
[Black "LSS"]
[BlackElo "2379"]
[TimeControl "180+0"]
[Result "0-1"]

1. e4 e6 2. d4 d5 3. e5 Nc6 4. Nf3 Nge7 5. Bg5 h6 6. Bf6 
gxf6 7. exf6 Nf5 8. P@e5 Rg8 9. Nc3 Bb4 10. Qd2 a6 11. a3 Bxc3 
12. Qxc3 N@e4 13. B@h7 Nxc3 14. bxc3 Q@h8 15. Bxg8 Qxg8 16. N@h5 B@f8 17. Rg1 
B@b2 18. Bd3 Bxc3+ 19. Kd1 P@e4 20. Ng7+ Nxg7 21. fxg7 Bxg7 22. R@g3 exd3 
23. N@f6+ Qxf6 24. exf6 B@e2+ 25. Kc1 P@b2# 
{Krastapov resigns} 0-1

[Event "fics rated crazyhouse match"]
[Site "fics, Oklahoma City, OK USA"]
[Date "2000.09.18"]
[White "LSS"]
[WhiteElo "2383"]
[Black "Krastapov"]
[BlackElo "2162"]
[TimeControl "180+0"]
[Result "1-0"]

1. e4 d6 2. d4 Nf6 3. Bd3 e6 4. Nf3 Nc6 5. c3 Be7 6. O-O 
Bd7 7. Be3 O-O 8. Nbd2 Ng4 9. Qe2 Bf6 10. h3 Nxe3 11. fxe3 B@h6 
12. N@g4 Bfg5 13. Rae1 Bxe3+ 14. Nxe3 Bxe3+ 15. Qxe3 P@g6 16. B@h4 f6 17. d5 
Ne5 18. Nxe5 dxe5 19. dxe6 Bxe6 20. B@c4 P@f7 21. P@h6 Bxc4 22. hxg7 Bxd3 
23. Qxd3 B@c5+ 24. P@d4 N@f4 25. Rxf4 exf4 26. B@h8 h6 27. gxf8=Q+ Qxf8 28. B8xf6 
P@g7 29. dxc5 B@e3+ 30. Kh1 R@d1 31. Rxd1 gxf6 32. N@g4 B@g7 33. N@d5 N@h5 
34. P@e7 Qe8 35. Nf3 g5 36. B@b5 c6 37. Nc7 Qxe7 38. Nxa8 gxh4 39. R@b8+ 
B@f8 40. Nxh4 Ng3+ 41. Kh2 f3 42. Nxf3 Qc7 43. Rxf8+ Bxf8 44. Qxe3 Nh5+ 
45. Kg1 Qa5 46. Qxh6 R@f1+ 47. Rxf1 P@f2+ 48. Rxf2 
{Krastapov forfeits on time} 1-0

[Event "fics rated crazyhouse match"]
[Site "fics, Oklahoma City, OK USA"]
[Date "2000.09.18"]
[White "Krastapov"]
[WhiteElo "2151"]
[Black "LSS"]
[BlackElo "2387"]
[TimeControl "180+0"]
[Result "0-1"]

1. d4 e6 2. e4 d5 3. exd5 exd5 4. Nf3 Nf6 5. Bd3 P@e4 6. P@e5 
exd3 7. cxd3 Ng4 8. O-O Nc6 9. Bg5 B@e7 10. P@f6 gxf6 11. exf6 Nxf6 
12. Re1 P@e6 13. P@e5 Ng4 14. Bxe7 Bxe7 15. Qe2 Rg8 16. B@g3 B@f5 17. Nc3 
a6 18. Rac1 Bd7 19. Na4 Qb8 20. Nc5 Bxc5 21. Rxc5 P@e4 22. Nh4 exd3 
23. Qd2 N@e4 24. Rxe4 dxe4 25. Rxc6 Bxc6 26. Nxf5 R@a1+ 27. B@f1 exf5 28. e6 
fxe6 29. N@e5 Nxe5 30. N@f6+ Kf7 31. B@h5+ Ng6 32. Bxg6+ Rxg6 33. N@e5+ Kxf6 
34. Bh4+ Kg7 35. Nxg6 Rxf1+ 36. Kxf1 P@e2+ 37. Qxe2 dxe2+ 38. Kxe2 Q@d3# 
{Krastapov resigns} 0-1

[Event "fics rated crazyhouse match"]
[Site "fics, Oklahoma City, OK USA"]
[Date "2000.09.18"]
[White "LSS"]
[WhiteElo "2390"]
[Black "Krastapov"]
[BlackElo "2141"]
[TimeControl "180+0"]
[Result "1-0"]

1. e4 d6 2. d4 e6 3. Nf3 Nc6 4. Bb5 Bd7 5. O-O Nf6 6. Nc3 
Be7 7. Be3 O-O 8. a3 Ng4 9. Qe2 Bf6 10. Rad1 a6 11. Bxc6 Bxc6 
12. d5 Bxc3 13. bxc3 Bd7 14. B@h4 B@f6 15. Bxf6 Qxf6 16. B@g5 Qxc3 17. Bd4 
Qxd4 18. Rxd4 B@h5 19. N@f4 B@g6 20. dxe6 fxe6 21. P@e7 Rxf4 22. Bxf4 P@h3 
23. R@d8+ N@e8 24. Q@f8# 
{Krastapov checkmated} 1-0

[Event "fics rated crazyhouse match"]
[Site "fics, Oklahoma City, OK USA"]
[Date "2000.09.18"]
[White "Krastapov"]
[WhiteElo "2132"]
[Black "LSS"]
[BlackElo "2393"]
[TimeControl "180+0"]
[Result "0-1"]

1. e4 e6 2. d4 d5 3. e5 c5 4. Nf3 Bd7 5. Nc3 Nc6 6. Bb5 
cxd4 7. Bxc6 dxc3 8. Bxd7+ Qxd7 9. O-O B@a6 10. B@d3 cxb2 11. Bxb2 Bxd3 
12. cxd3 N@f4 13. B@b5 B@c6 14. Bxc6 bxc6 15. N@d6+ Bxd6 16. exd6 P@e2 17. Qd2 
exf1=Q+ 18. Rxf1 P@h3 19. g3 N@e2# 
{Krastapov resigns} 0-1

[Event "fics rated crazyhouse match"]
[Site "fics, Oklahoma City, OK USA"]
[Date "2000.09.18"]
[White "LSS"]
[WhiteElo "2396"]
[Black "Krastapov"]
[BlackElo "2124"]
[TimeControl "180+0"]
[Result "1-0"]

1. e4 d6 2. d4 Nf6 3. Bd3 Bg4 4. f3 Bd7 5. Ne2 e6 6. O-O 
Nc6 7. c4 Be7 8. Nbc3 O-O 9. Be3 Kh8 10. a3 Be8 11. Bc2 Rg8 
12. b4 a6 13. Qe1 e5 14. d5 Nd4 15. Nxd4 exd4 16. Bxd4 N@e5 17. Qe2 
Nh5 18. P@g3 Nf6 19. N@f5 Bf8 20. f4 Ned7 21. e5 dxe5 22. fxe5 Nxe5 
23. Bxe5 P@e7 24. P@e6 P@g6 25. exf7 Bxf7 26. N@g5 Qe8 27. P@e6 Bxe6 28. dxe6 
gxf5 29. Nf7+ Qxf7 30. exf7 P@g6 31. Bxf6 exf6 32. fxg8=Q+ Kxg8 33. B@f7# 
{Krastapov resigns} 1-0

[Event "fics rated crazyhouse match"]
[Site "fics, Oklahoma City, OK USA"]
[Date "2000.09.18"]
[White "Krastapov"]
[WhiteElo "2117"]
[Black "LSS"]
[BlackElo "2399"]
[TimeControl "180+0"]
[Result "0-1"]

1. e4 e6 2. d4 Nc6 3. Nf3 Nf6 4. d5 exd5 5. exd5 Nb4 6. Bc4 
P@b5 7. Bxb5 Nbxd5 8. O-O Be7 9. P@g5 O-O 10. gxf6 Nxf6 11. Bd3 P@e4 
12. Nbd2 exd3 13. cxd3 d5 14. P@e3 P@e4 15. Ne5 exd3 16. N@c6 bxc6 17. Nxc6 
P@e2 18. Nxd8 exd1=Q 19. Rxd1 Bxd8 20. P@h6 N@h3+ 21. gxh3 N@e2+ 22. Kh1 B@g2+ 
23. Kxg2 Bxh3+ 24. Kxh3 Q@g4# 
{Krastapov checkmated} 0-1

[Event "fics rated crazyhouse match"]
[Site "fics, Oklahoma City, OK USA"]
[Date "2000.09.19"]
[White "Gobi"]
[WhiteElo "2388"]
[Black "pminear"]
[BlackElo "2471"]
[TimeControl "180+0"]
[Result "1-0"]

1. e4 e5 2. Nf3 Nc6 3. Bc4 Bc5 4. O-O Nf6 5. Nc3 d6 6. h3 
O-O 7. d3 Be6 8. Bb3 Nd4 9. Nxd4 Bxd4 10. Bg5 N@g3 11. Re1 Bxf2+ 
12. Kxf2 Nfxe4+ 13. Nxe4 Nxe4+ 14. Rxe4 Qxg5 15. B@h4 B@b6+ 16. d4 Qh6 17. N@e7+ 
Kh8 18. N@f5 Bxf5 19. Nxf5 Qg6 20. N@e7 exd4 21. B@f6 P@e3+ 22. Kg1 P@f2+ 
23. Kh2 Qxf6 24. Bxf6 B@g1+ 25. Kh1 N@h5 26. Bxg7+ Nxg7 27. Q@f6 N@h5 28. P@h6 
Rg8 29. Nxg8 Rxg8 30. hxg7+ Rxg7 31. Re8+ B@g8 32. Rxg8+ Kxg8 33. R@e8+ N@f8 
34. Qxg7+ Nxg7 35. Nh6+ Kh8 36. R@g8# 
{pminear checkmated} 1-0

[Event "fics rated crazyhouse match"]
[Site "fics, Oklahoma City, OK USA"]
[Date "2000.09.19"]
[White "TheLongOne"]
[WhiteElo "2134"]
[Black "LSS"]
[BlackElo "2411"]
[TimeControl "180+0"]
[Result "0-1"]

1. e4 e6 2. Nc3 d5 3. e5 d4 4. Ne4 Nc6 5. Nf3 Qd5 6. d3 
Nxe5 7. Bf4 Bb4+ 8. Ned2 Nxf3+ 9. Qxf3 P@c3 10. bxc3 dxc3 11. Nb3 P@d2+ 
12. Ke2 Qxb3 13. axb3 N@d4+ 14. Ke3 N@f5+ 15. Ke4 Nf6+ 16. Ke5 Bd6# 
{TheLongOne checkmated} 0-1

[Event "fics rated crazyhouse match"]
[Site "fics, Oklahoma City, OK USA"]
[Date "2000.09.19"]
[White "LSS"]
[WhiteElo "2414"]
[Black "TheLongOne"]
[BlackElo "2131"]
[TimeControl "180+0"]
[Result "1-0"]

1. e4 e6 2. d4 Nc6 3. c3 d5 4. e5 Nge7 5. Bd3 Nf5 6. Nf3 
Be7 7. O-O f6 8. exf6 Bxf6 9. P@e5 Bh4 10. Nxh4 Nxh4 11. Qh5+ P@f7 
12. B@g5 g6 13. Qxh4 N@f5 14. Bxf5 exf5 15. Bxd8 
{TheLongOne resigns} 1-0

[Event "fics rated crazyhouse match"]
[Site "fics, Oklahoma City, OK USA"]
[Date "2000.09.19"]
[White "LSS"]
[WhiteElo "2417"]
[Black "TheLongOne"]
[BlackElo "2125"]
[TimeControl "180+0"]
[Result "1-0"]

1. e4 e6 2. d4 d5 3. exd5 exd5 4. Bb5+ Nc6 5. Nc3 Nf6 6. Qe2+ 
Qe7 7. P@e5 a6 8. exf6 Qxe2+ 9. Ngxe2 axb5 10. Nxd5 B@a5+ 11. P@c3 Be6 
12. N@f4 P@d7 13. fxg7 Bxg7 14. P@f6 Bh6 15. Nxe6 dxe6 16. Bxh6 exd5 17. B@h3 
Rd8 18. Q@g7 Q@g8 19. B@e6 N@d6 20. Bxf7+ Nxf7 21. P@e6 Qxg7 22. fxg7 Nxh6 
23. gxh8=Q+ B@f8 24. Q@d7+ Rxd7 25. exd7+ Ke7 26. Qxh7+ N@f7 27. R@e8+ Kf6 28. R@g6# 
{TheLongOne checkmated} 1-0

[Event "fics rated crazyhouse match"]
[Site "fics, Oklahoma City, OK USA"]
[Date "2000.09.19"]
[White "TheLongOne"]
[WhiteElo "2122"]
[Black "LSS"]
[BlackElo "2420"]
[TimeControl "180+0"]
[Result "0-1"]

1. e4 e6 2. d4 Nf6 3. e5 Nd5 4. Nf3 d6 5. Bd3 Nc6 6. O-O 
Be7 7. Nc3 Nxc3 8. bxc3 dxe5 9. N@h5 Bf8 10. dxe5 P@g6 11. P@f6 gxh5 
12. fxg7 Bxg7 13. P@f6 Bf8 14. Bb5 Rg8 15. Bxc6+ bxc6 16. N@h6 Qxd1 17. Rxd1 
Rxg2+ 18. Kh1 Rxh2+ 19. Kxh2 N@g4+ 20. Kg2 P@h3+ 21. Kxh3 Nxf2+ 22. Kg2 P@h3+ 
23. Kf1 Q@g2+ 24. Ke1 Nd3+ 25. Rxd3 P@f2+ 26. Ke2 f1=Q+ 27. Ke3 Qgxf3+ 28. Kd4 
Qd5+ 29. Ke3 Bxh6# 
{TheLongOne resigns} 0-1

[Event "fics rated crazyhouse match"]
[Site "fics, Oklahoma City, OK USA"]
[Date "2000.09.19"]
[White "LSS"]
[WhiteElo "2422"]
[Black "TheLongOne"]
[BlackElo "2120"]
[TimeControl "180+0"]
[Result "1-0"]

1. e4 e6 2. d4 d5 3. e5 Nc6 4. Be2 Nge7 5. Nh3 Nf5 6. c3 
Be7 7. O-O Bd7 8. Be3 a6 9. Nd2 Na5 10. b3 Nxe3 11. fxe3 B@b2 
12. Qc2 Bxa1 13. Rxa1 Bg5 14. B@f2 R@f5 15. N@f3 Bxe3 16. Bxe3 P@g4 17. Rf1 
gxh3 18. gxh3 N@f4 19. Bxf4 Rxf4 20. B@g5 Rxf3 21. Nxf3 f6 22. exf6 gxf6 
23. N@g7+ Kf7 24. Ne5+ Kxg7 25. P@h6+ Kg8 26. R@g7+ Kf8 27. Rxf6+ Qxf6 28. Nxd7+ 
Ke8 29. Nxf6+ Kd8 30. Q@d7# 
{TheLongOne checkmated} 1-0

[Event "fics rated crazyhouse match"]
[Site "fics, Oklahoma City, OK USA"]
[Date "2000.09.19"]
[White "LSS"]
[WhiteElo "2424"]
[Black "Igy"]
[BlackElo "2276"]
[TimeControl "180+0"]
[Result "1-0"]

1. e4 e6 2. d4 Nc6 3. c3 d5 4. e5 f5 5. Bb5 Be7 6. Qh5+ 
Kf8 7. Bxc6 bxc6 8. Qe2 Bd7 9. Nf3 Rb8 10. Nbd2 Be8 11. Nf1 Nh6 
12. Bxh6 gxh6 13. N@f4 Bf7 14. Ng3 Rg8 15. N@h5 B@c4 16. Qd2 B@g4 17. b3 
Ba6 18. h3 Bgxh5 19. Ngxh5 N@e4 20. Nxe6+ Bxe6 21. Qxh6+ N@g7 22. P@f6 Bxf6 
23. exf6 Nxf6 24. Nxf6 P@b2 25. Nxh7+ Ke8 26. N@f6+ Ke7 27. Nxg8+ Qxg8 28. Qf6+ 
Kd7 29. Ne5+ Kc8 30. R@f8+ Kb7 31. Rb1 P@c2 32. Rxb2 c1=Q+ 33. B@d1 Qxb2 
34. B@d3 Qxc3+ 35. P@d2 Qxd3 36. Nxd3 Bxd3 37. Rxg8 N@c2+ 38. Bxc2 R@c1+ 39. N@d1 
Rxd1+ 40. Bxd1 
{Igy forfeits on time} 1-0

[Event "fics rated crazyhouse match"]
[Site "fics, Oklahoma City, OK USA"]
[Date "2000.09.19"]
[White "LSS"]
[WhiteElo "2429"]
[Black "Igy"]
[BlackElo "2271"]
[TimeControl "180+0"]
[Result "0-1"]

1. e4 e6 2. d4 Nc6 3. c3 d6 4. Bd3 Nf6 5. Nf3 e5 6. d5 
Ne7 7. O-O Ng6 8. Ng5 Be7 9. Nxf7 Kxf7 10. P@e6+ Kf8 11. Bg5 N@f4 
12. Bxf4 Nxf4 13. N@f7 Qe8 14. Nxh8 B@h5 15. f3 Kg8 16. Nf7 Bxf7 17. exf7+ 
Qxf7 18. B@g5 Kh8 19. Bxf4 exf4 20. Na3 B@c5+ 21. R@d4 N@e3 22. Qe2 Nxf1 
23. Rxf1 Bxd4+ 24. cxd4 R@e3 25. N@g5 Qh5 26. N@f7+ Kg8 27. Qxe3 Qxh2+ 28. Kxh2 
P@g3+ 29. Kh1 R@h2+ 30. Kg1 P@f2+ 31. Rxf2 gxf2+ 32. Kxf2 fxe3+ 33. Kxe3 Nxd5+ 
34. exd5 Bxg5+ 35. Nxg5 N@d1+ 36. Kd2 Rxg2+ 37. R@e2 Rxe2+ 38. Bxe2 Q@e3+ 39. Ke1 
P@f2+ 40. Kxd1 R@c1# 
{LSS checkmated} 0-1

[Event "fics rated crazyhouse match"]
[Site "fics, Oklahoma City, OK USA"]
[Date "2000.09.19"]
[White "Igy"]
[WhiteElo "2282"]
[Black "LSS"]
[BlackElo "2418"]
[TimeControl "180+0"]
[Result "0-1"]

1. e4 e6 2. Nc3 Nf6 3. d4 Bb4 4. Bd3 d5 5. e5 Ne4 6. Qg4 
Nxc3 7. Qxg7 Rf8 8. bxc3 Bxc3+ 9. P@d2 Bxd4 10. N@f6+ Ke7 11. Ba3+ P@c5 
12. Qg5 Bxa1 13. Ng8+ Kd7 14. Bb5+ Nc6 15. Bxc6+ Kxc6 16. N@e7+ Kb5 17. Ne2 
R@b1+ 18. Nc1 B@c4 19. d3 Bc3+ 20. Ke2 N@d4+ 21. Ke3 Nxc2+ 22. Kf3 P@e4+ 
23. Kg3 Rxg8 24. dxc4+ dxc4 25. Nxg8 Qxg5+ 26. R@g4 Q@h4# 
{Igy checkmated} 0-1

[Event "fics rated crazyhouse match"]
[Site "fics, Oklahoma City, OK USA"]
[Date "2000.09.19"]
[White "LSS"]
[WhiteElo "2423"]
[Black "Igy"]
[BlackElo "2277"]
[TimeControl "180+0"]
[Result "1-0"]

1. e4 Nf6 2. e5 d5 3. exf6 exf6 4. d4 Nc6 5. Ne2 Bb4+ 6. c3 
Bf5 7. N@e3 Bxb1 8. Rxb1 P@e4 9. Nf4 Bxc3+ 10. bxc3 P@d3 11. B@a4 N@c4 
12. Nfxd5 O-O 13. Bxc6 Nxe3 14. Bxe3 N@c2+ 15. Kd2 Nxe3 16. Nxe3 bxc6 17. N@f5 
B@g5 18. N@e7+ Kh8 19. P@h6 Bxe3+ 20. fxe3 N@c4+ 21. Ke1 Rg8 22. hxg7+ Rxg7 
23. P@h6 B@f8 24. hxg7+ Bxg7 25. B@e6 P@d2+ 26. Kf2 P@c2 27. Qg4 d1=N+ 28. Kg3 
Qf8 29. R@g8+ Qxg8 30. Nxg8 Rxg8 31. N@h6 Ne5 32. dxe5 N@h5+ 33. Kh3 R@f3+ 
34. gxf3 Nf2+ 35. Kh4 
{Igy forfeits on time} 1-0

[Event "fics rated crazyhouse match"]
[Site "fics, Oklahoma City, OK USA"]
[Date "2000.09.19"]
[White "Igy"]
[WhiteElo "2272"]
[Black "LSS"]
[BlackElo "2428"]
[TimeControl "180+0"]
[Result "0-1"]

1. e4 e6 2. Nc3 Nc6 3. d4 Nf6 4. e5 Nd5 5. Nxd5 exd5 6. Nf3 
d6 7. Bg5 Be7 8. Bxe7 Qxe7 9. B@h4 f6 10. N@h5 O-O 11. Be2 N@f5 
12. Nxg7 Nxh4 13. Nxh4 Qxg7 14. N@f5 Qg5 15. Qd2 B@a5 16. P@c3 Qxd2+ 17. Kxd2 
Bxc3+ 18. bxc3 N@e4+ 19. Ke1 P@d2+ 20. Kd1 Nxc3+ 21. Kxd2 Ne4+ 22. Ke1 P@d2+ 
23. Kd1 Bxf5 24. Q@g7+ Kxg7 25. Nxf5+ Kg8 26. B@e6+ B@f7 27. Nh6+ Kh8 28. P@g7+ 
Kxg7 29. exf6+ Kxf6 30. Ng4+ Kxe6 31. P@b2 Q@e1+ 32. Rxe1 dxe1=Q+ 33. Kxe1 R@g1+ 
34. Bf1 Q@d2# 
{Igy checkmated} 0-1

[Event "fics rated crazyhouse match"]
[Site "fics, Oklahoma City, OK USA"]
[Date "2000.09.19"]
[White "LSS"]
[WhiteElo "2433"]
[Black "Igy"]
[BlackElo "2267"]
[TimeControl "180+0"]
[Result "0-1"]

1. e4 e6 2. d4 Nc6 3. c3 d6 4. Nf3 Be7 5. Bd3 e5 6. d5 
Nb8 7. O-O Nh6 8. Bxh6 gxh6 9. N@g7+ Kf8 10. Nh5 Rg8 11. Qd2 B@g5 
12. Nxg5 Bxg5 13. Qe2 Na6 14. Bxa6 bxa6 15. N@c6 B@g4 16. B@f3 Bxf3 17. Qxf3 
B@g4 18. Qxf7+ Kxf7 19. Nxd8+ Bxd8 20. P@e6+ Bcxe6 21. dxe6+ Bxe6 22. Q@f3+ P@f4 
23. B@f5 P@d7 24. Bxh7 N@h4 25. Bxg8+ Kxg8 26. R@g4+ B@g5 27. Rxh4 Bxh4 28. B@g6 
N@g5 29. P@h7+ Kh8 30. Qxf4 Q@g7 31. Qxh4 Nf3+ 32. gxf3 Bxh4 33. P@g2 R@g5 
34. N@g4 Rxg6 35. Nxg7 Rxg4 36. B@f6 N@h3+ 37. Kh1 Q@g1+ 38. Rxg1 Nxf2# 
{LSS checkmated} 0-1

[Event "fics rated crazyhouse match"]
[Site "fics, Oklahoma City, OK USA"]
[Date "2000.09.19"]
[White "Igy"]
[WhiteElo "2279"]
[Black "LSS"]
[BlackElo "2421"]
[TimeControl "180+0"]
[Result "1-0"]

1. e4 e6 2. Nc3 b6 3. d4 Bb7 4. Nf3 Bb4 5. d5 exd5 6. exd5 
Qe7+ 7. Be2 Nf6 8. Bg5 h6 9. Bxf6 Qxf6 10. O-O Bxc3 11. bxc3 N@f4 
12. B@e5 Nxe2+ 13. Qxe2 Qe7 14. N@f5 B@a6 15. P@d3 B@f8 16. Nxe7 Bxe7 17. Bxg7 
P@e6 18. Bxh8 Bxd5 19. R@g8+ N@f8 20. N@g7# 
{LSS resigns} 1-0

[Event "fics rated crazyhouse match"]
[Site "fics, Oklahoma City, OK USA"]
[Date "2000.09.19"]
[White "LSS"]
[WhiteElo "2410"]
[Black "Igy"]
[BlackElo "2290"]
[TimeControl "180+0"]
[Result "1-0"]

1. e4 e6 2. d4 Nc6 3. Nf3 Nf6 4. Bd3 Be7 5. O-O d5 6. e5 
Ne4 7. Nc3 Nxc3 8. bxc3 N@e4 9. Bd2 f5 10. exf6 Bxf6 11. N@h5 O-O 
12. Bxe4 dxe4 13. Nxf6+ Qxf6 14. B@g5 Qf7 15. N@e5 Qh5 16. P@g4 Qe8 17. Nxc6 
exf3 18. Ne7+ Qxe7 19. Bxe7 P@e2 20. Bxf8 exd1=Q 21. N@h6+ Kxf8 22. Q@f7# 
{Igy checkmated} 1-0

[Event "fics rated crazyhouse match"]
[Site "fics, Oklahoma City, OK USA"]
[Date "2000.09.20"]
[White "LSS"]
[WhiteElo "2415"]
[Black "PJK"]
[BlackElo "2240"]
[TimeControl "180+0"]
[Result "0-1"]

1. e4 e6 2. d4 Bb4+ 3. c3 Be7 4. Bd3 Nc6 5. Be3 Nf6 6. Nd2 
d5 7. e5 Ne4 8. Nxe4 dxe4 9. Bxe4 N@g5 10. Bxg5 Bxg5 11. Nf3 B@d5 
12. Bxd5 exd5 13. N@h5 B@h6 14. O-O Bg4 15. Ng3 O-O 16. B@e2 f6 17. Nxg5 
Bxg5 18. Bxg4 fxe5 19. dxe5 Nxe5 20. B@e6+ P@f7 21. N@h5 fxe6 22. Bxe6+ P@f7 
23. Bxd5 N@f4 24. Nxf4 Bxf4 25. N@h5 Bxg3 26. hxg3 B@g4 27. B@e2 Bxe2 28. Qxe2 
Qxd5 29. Nxg7 B@d3 30. Qxe5 Qxe5 31. B@f4 Qxg7 32. B@h6 N@g4 33. N@e7+ Kh8 
34. Bxg7+ Kxg7 35. P@h6+ Kf6 36. Nd5+ Ke6 37. Nxc7+ Kd7 38. P@h2 N@h3+ 39. gxh3 
N@e2+ 40. Kg2 B@f3+ 41. Kxf3 Nd4+ 42. Kxg4 Bf5+ 43. Kg5 Q@g6+ 44. Kh4 Nf3# 
{LSS checkmated} 0-1

[Event "fics rated crazyhouse match"]
[Site "fics, Oklahoma City, OK USA"]
[Date "2000.09.20"]
[White "PJK"]
[WhiteElo "2252"]
[Black "LSS"]
[BlackElo "2403"]
[TimeControl "180+0"]
[Result "0-1"]

1. e4 e6 2. d4 d5 3. exd5 exd5 4. Nf3 Nf6 5. Be2 Ne4 6. Nc3 
Bb4 7. P@d2 Bxc3 8. dxc3 Nc6 9. B@d3 O-O 10. Bxe4 dxe4 11. Ng5 B@g6 
12. N@f4 N@h4 13. Ngh3 Bxh3 14. gxh3 N@f3+ 15. Bxf3 Nxf3+ 16. Qxf3 exf3 17. Be3 
Bxc2 18. N@d2 P@g2 19. Rg1 B@e4 20. B@g4 P@e2 21. Nxe2 fxe2 22. Bxe2 N@d3+ 
23. Bxd3 Bcxd3 24. N@g3 Qh4 25. P@e2 Qxg3 26. fxg3 N@c2+ 27. Kf2 Nxa1 28. Rxa1 
R@f6+ 29. P@f3 Rfe8 30. N@g4 Rg6 31. fxe4 Bxe4 32. B@f3 Bxf3 33. exf3 Rxg4 
34. hxg4 Rxe3 35. Kxe3 N@d5+ 36. Kf2 B@e3+ 37. Kxg2 Q@f2+ 38. Kh3 B@g2+ 39. Kh4 
P@g5+ 40. Kh5 B@g6# 
{PJK checkmated} 0-1

[Event "fics rated crazyhouse match"]
[Site "fics, Oklahoma City, OK USA"]
[Date "2000.09.20"]
[White "LSS"]
[WhiteElo "2408"]
[Black "PJK"]
[BlackElo "2247"]
[TimeControl "180+0"]
[Result "1-0"]

1. e4 Nf6 2. e5 Ne4 3. Qe2 d5 4. d3 Nc5 5. d4 Ne6 6. c3 
b6 7. Nf3 Ba6 8. Qxa6 Nxa6 9. Bxa6 c6 10. B@b7 f6 11. Bxc6+ Kf7 
12. P@f5 Nc7 13. N@g5+ fxg5 14. Nxg5+ Kg8 15. P@f7# 
{PJK checkmated} 1-0

[Event "fics rated crazyhouse match"]
[Site "fics, Oklahoma City, OK USA"]
[Date "2000.09.20"]
[White "valdushka"]
[WhiteElo "2274"]
[Black "LSS"]
[BlackElo "2413"]
[TimeControl "180+0"]
[Result "1-0"]

1. e4 e6 2. Nc3 d5 3. d4 Bb4 4. Bd3 dxe4 5. Bxe4 Nc6 6. Nf3 
Nf6 7. Bxc6+ bxc6 8. O-O Bxc3 9. bxc3 Nd5 10. Ba3 B@e7 11. Bxe7 Qxe7 
12. B@b4 B@d6 13. Bxd6 cxd6 14. B@d2 N@e4 15. P@e5 P@c7 16. exd6 cxd6 17. P@e5 
P@c7 18. exd6 cxd6 19. P@e5 dxe5 20. dxe5 Ba6 21. P@d3 Nxd2 22. Qxd2 B@f4 
23. B@e3 Nxe3 24. fxe3 Bxh2+ 25. Nxh2 P@g3 26. B@f4 gxh2+ 27. Bxh2 O-O-O 28. P@d6 
Qg5 29. N@e7+ Kb8 30. Rab1+ P@b6 31. N@g3 P@b7 32. N@e4 Qxe5 33. c4 
{LSS forfeits on time} 1-0

[Event "fics rated crazyhouse match"]
[Site "fics, Oklahoma City, OK USA"]
[Date "2000.09.20"]
[White "LSS"]
[WhiteElo "2402"]
[Black "valdushka"]
[BlackElo "2292"]
[TimeControl "180+0"]
[Result "1-0"]

1. e4 Nf6 2. Nc3 d5 3. exd5 Nxd5 4. Nxd5 Qxd5 5. Nf3 Nc6 6. N@c3 
Qd8 7. Bb5 P@f6 8. P@d5 Bd7 9. dxc6 bxc6 10. Bc4 e6 11. d4 Rb8 
12. O-O N@d5 13. Re1 Nxc3 14. bxc3 Be7 15. N@h5 Rg8 16. Bf4 P@g6 17. Ng3 
N@b2 18. Qe2 Nxc4 19. Qxc4 B@d5 20. Qe2 Rb2 21. N@a6 Rb7 22. N@c5 Bxc5 
23. Nxc5 Rb8 24. Rab1 N@b5 25. Na6 Rc8 26. B@b7 Nxc3 27. Qf1 P@d6 28. Bxc8 
Bxc8 29. Rb8 B@c4 30. Rxc8 Qxc8 31. R@b8 Bxa6 32. Rxc8+ Bxc8 33. Bxd6 cxd6 
34. B@c7 B@e7 35. Q@b8 Kd7 36. Qxa7 R@b7 37. Qxb7 Bxb7 38. Ba5 Nb5 39. Qxb5 
Q@c8 40. N@b6+ Ke8 41. Nxc8 cxb5 42. P@d7+ Kxd7 43. Nb6+ Kd8 44. Q@d7# 
{valdushka checkmated} 1-0

[Event "fics rated crazyhouse match"]
[Site "fics, Oklahoma City, OK USA"]
[Date "2000.09.20"]
[White "valdushka"]
[WhiteElo "2283"]
[Black "LSS"]
[BlackElo "2408"]
[TimeControl "180+0"]
[Result "1-0"]

1. e4 e6 2. Nc3 d5 3. d4 Nc6 4. Nf3 dxe4 5. Nxe4 P@f5 6. Neg5 
Be7 7. Bb5 Bd7 8. Nxf7 Kxf7 9. Bxc6 Bxc6 10. Ne5+ Kf8 11. N@f7 Qe8 
12. Nxh8 Bxg2 13. P@f7 Qxf7 14. Nhxf7 B@e8 15. P@h6 gxh6 16. Bxh6+ P@g7 17. Bxg7+ 
Kxg7 18. Q@h8+ Kf8 19. P@g7# 
{LSS checkmated} 1-0

[Event "fics rated crazyhouse match"]
[Site "fics, Oklahoma City, OK USA"]
[Date "2000.09.20"]
[White "LSS"]
[WhiteElo "2397"]
[Black "valdushka"]
[BlackElo "2300"]
[TimeControl "180+0"]
[Result "1-0"]

1. e4 Nf6 2. Nc3 d5 3. exd5 Nxd5 4. Nxd5 Qxd5 5. Nf3 Nc6 6. N@c3 
Qd8 7. Bb5 P@f6 8. P@d5 Bd7 9. dxc6 bxc6 10. Be2 e6 11. d4 Rc8 
12. O-O Rb8 13. Re1 P@g6 14. Rb1 Be7 15. Bf4 N@d6 16. Bd3 O-O 17. Ne2 
Nf5 18. Ng3 Nxg3 19. Bxg3 Bd6 20. c3 Bxg3 21. hxg3 B@h6 22. N@g4 N@f5 
23. Bxf5 gxf5 24. Nxh6+ gxh6 25. N@h5 B@g6 26. Nxf6+ Qxf6 27. B@e5 Qxe5 28. dxe5 
B@g7 29. N@e7# 
{valdushka resigns} 1-0

[Event "fics rated crazyhouse match"]
[Site "fics, Oklahoma City, OK USA"]
[Date "2000.09.20"]
[White "TheLongOne"]
[WhiteElo "2155"]
[Black "LSS"]
[BlackElo "2408"]
[TimeControl "180+0"]
[Result "0-1"]

1. e4 e6 2. Nc3 Nc6 3. Nf3 Nf6 4. d4 Bb4 5. Bd3 d5 6. exd5 
exd5 7. Bb5 Qe7+ 8. Qe2 Ne4 9. Bxc6+ bxc6 10. N@h5 Rg8 11. Bd2 Bxc3 
12. bxc3 B@g4 13. B@h4 f6 14. Nf4 P@g5 15. Nxd5 cxd5 16. P@c6 Bxf3 17. gxf3 
N@g2+ 18. Kd1 Nxc3+ 19. Bxc3 Qxe2+ 20. Kxe2 Nf4+ 21. Kd2 N@c4+ 22. Kc1 Ne2+ 
23. Kd1 Nxc3+ 24. Ke1 Q@e2# 
{TheLongOne checkmated} 0-1

[Event "fics rated crazyhouse match"]
[Site "fics, Oklahoma City, OK USA"]
[Date "2000.09.20"]
[White "LSS"]
[WhiteElo "2411"]
[Black "TheLongOne"]
[BlackElo "2152"]
[TimeControl "180+0"]
[Result "1-0"]

1. e4 e5 2. Nf3 Nf6 3. Nxe5 Nxe4 4. Nxf7 Qf6 5. Qf3 d5 6. Nxh8 
Qxf3 7. gxf3 Be6 8. P@f5 P@e2 9. Bxe2 Q@g2 10. Q@g1 Qxg1+ 11. Rxg1 
{TheLongOne resigns} 1-0

[Event "fics rated crazyhouse match"]
[Site "fics, Oklahoma City, OK USA"]
[Date "2000.09.20"]
[White "TheLongOne"]
[WhiteElo "2149"]
[Black "LSS"]
[BlackElo "2414"]
[TimeControl "180+0"]
[Result "1-0"]

1. e4 e6 2. d4 d5 3. Nd2 Nf6 4. Bd3 dxe4 5. Nxe4 Nxe4 6. Bxe4 
Nc6 7. Bxc6+ bxc6 8. N@e5 Qd5 9. P@b7 Bxb7 10. c4 Bb4+ 11. Bd2 Qe4+ 
12. Qe2 Bxd2+ 13. Kxd2 Qxe2+ 14. Nxe2 N@e4+ 15. Ke1 P@d2+ 16. Kd1 Nxf2+ 17. Kxd2 
Ne4+ 18. Ke1 P@f2+ 19. Kf1 Q@e1+ 20. Rxe1 fxe1=Q+ 21. Kxe1 P@d2+ 22. Kd1 B@a4+ 
23. P@b3 R@a1+ 24. B@c1 dxc1=Q+ 25. Nxc1 B@h5+ 26. P@f3 O-O 27. Q@h4 B@h6 28. P@f4 
f6 29. Nd3 Rad8 30. Qxh5 Rxd4 31. fxe4 Rxd3+ 32. Ke2 Rd4 33. B@d3 Rxd3 
34. Nxd3 Rxh1 35. N@e7+ Kh8 36. R@g8+ Rxg8 37. N@f7# 
{LSS checkmated} 1-0

[Event "fics rated crazyhouse match"]
[Site "fics, Oklahoma City, OK USA"]
[Date "2000.09.20"]
[White "LSS"]
[WhiteElo "2401"]
[Black "TheLongOne"]
[BlackElo "2162"]
[TimeControl "180+0"]
[Result "1-0"]

1. e4 e6 2. d4 Nf6 3. Bd3 d5 4. e5 Ne4 5. Nh3 c5 6. c3 
Nc6 7. O-O cxd4 8. cxd4 Nxd4 9. Bxe4 dxe4 10. Qxd4 Qxd4 11. N@c7+ Kd7 
12. Nxa8 B@b6 13. Be3 Qd3 14. R@d2 Qxd2 15. Nxd2 P@c7 16. N@b8+ Kd8 17. Bxb6 
axb6 18. Nxe4 P@e2 19. B@g5+ f6 20. exf6 exf1=Q+ 21. Rxf1 Ke8 22. Nxc7# 
{TheLongOne resigns} 1-0